 Dungeon Crawl Stone Soup version 0.18-a0-1773-gec4f98e (webtiles) character file.

28749 epen the Carver (level 13, -6/103 HPs)
             Began as a Naga Gladiator on Apr 14, 2016.
             Was a High Priest of Okawaru.
             Killed from afar by a rime drake (12 damage)
             ... with a flash freeze
             ... on level 5 of the Lair of Beasts.
             The game lasted 00:56:29 (25481 turns).

epen the Carver (Naga Gladiator)                   Turns: 25481, Time: 00:56:31

Health: -6/103     AC: 22    Str: 22    XL:     13   Next: 40%
Magic:  21/21      EV: 14    Int:  9    God:    Okawaru [*****.]
Gold:   868        SH:  0    Dex: 17    Spells: 0 memorised, 12 levels left

rFire  + . .     SeeInvis +     G - +3 great sword (holy)
rCold  + . .     Gourm    .     l - +1 chain mail
rNeg   . . .     Faith    .     (shield currently unavailable)
rPois  +         Spirit   .     c - +0 helmet
rElec  .         Dismiss  .     P - +0 cloak
rCorr  .         Reflect  .     (no gloves)
SustAt .         Harm     .     k - +2 naga barding {rC+}
MR     ++...                    i - amulet of rage
Stlth  ++........               Y - ring of protection from magic (curse)
                                Q - ring of protection from fire

@: agile, very slow, very resistant to hostile enchantments, unstealthy
A: see invisible, blink, deformed body, frail 1, poison resistance, slowness 2,
slow regeneration 1, slow metabolism 1, spit poison 3, subdued magic 1,
constrict 1, AC +4
a: Breathe Poison Gas, Blink, Heroism, Finesse, Renounce Religion, Evoke Berserk
Rage


You were on level 5 of the Lair of Beasts.
You worshipped Okawaru.
Okawaru was extremely pleased with you.
You were not hungry.

You visited 2 branches of the dungeon, and saw 15 of its levels.
You also visited: Sewer.

You collected 868 gold pieces.

Inventory:

Hand Weapons
 G - a +3 great sword of holy wrath (weapon)
Missiles
 d - 5 throwing nets (quivered)
 u - 6 steel javelins
Armour
 c - a +0 helmet (worn)
 k - a +2 naga barding of cold resistance (worn)
 l - a +1 chain mail (worn)
 n - the +2 robe of the Game Afoot {SInv}
   (Okawaru gifted it to you on level 5 of the Lair of Beasts)

   It lets you see invisible.
 P - a +0 cloak (worn)
 U - a +0 buckler
 V - a +0 troll leather armour
Jewellery
 i - an amulet of rage (around neck)
 q - an uncursed ring of fire
 t - an uncursed ring of positive energy
 D - an uncursed amulet of dismissal
 E - an uncursed ring of ice
 Q - a ring of protection from fire (left hand)
 X - a +3 amulet of reflection
 Y - a cursed ring of protection from magic (right hand)
Wands
 a - a wand of iceblast (4/15)
 e - a wand of flame (10/48)
 A - a wand of flame (12/48)
 C - a wand of flame (21/48)
 F - a wand of iceblast (9/15)
Scrolls
 o - a scroll of fog {unknown}
 p - 9 scrolls of remove curse
 r - a scroll of torment {unknown}
 v - 4 scrolls of recharging
 B - 2 scrolls of amnesia
 L - 2 scrolls of enchant armour
Potions
 b - 3 potions of agility
 x - 7 potions of flight
 I - 2 potions of brilliance
 N - 2 potions of invisibility
Books
 R - a book of the Tempests

   Spells                             Type                      Level
   a - Static Discharge               Conjuration/Air              3
   b - Lightning Bolt                 Conjuration/Air              5
   c - Fireball                       Conjuration/Fire             5
   d - Tornado                        Air                          9
   e - Shatter                        Earth                        9
 T - a book of Callings

   Spells                             Type                      Level
   a - Summon Small Mammal            Summoning                    1
   b - Call Imp                       Summoning                    2
   c - Call Canine Familiar           Summoning                    3
   d - Summon Guardian Golem          Hexes/Summoning              3
   e - Summon Lightning Spire         Summoning/Air                4
   f - Summon Ice Beast               Ice/Summoning                4
Miscellaneous
 g - a fan of gales (inert)
 K - a fan of gales (inert)
Comestibles
 f - 9 bread rations
 j - 4 meat rations
 H - 37 fruits
 J - 5 beef jerkies


   Skills:
 + Level 7.4 Fighting
 * Level 12.2 Long Blades
 - Level 1.7 Throwing
 * Level 7.4 Armour
 + Level 9.4 Dodging
 - Level 5.5 Stealth
 * Level 11.2 Invocations


You had 12 spell levels left.
You didn't know any spells.

Dungeon Overview and Level Annotations

Branches:
Dungeon (10/15)            Temple (0/1) D:5            Lair (5/8) D:8
  Swamp (0/4) Lair:3          Orc (0/2) D:9
  Snake: Lair:3-6    Spider: Lair:3-6

Altars:
Ashenzari
Cheibriados
Dithmenos
Elyvilon
Fedhas
Makhleb
Okawaru
Pakellas
Qazlal
Sif Muna
Trog
Vehumet
Xom
Yredelemnul
Zin

Shops:
D:4 =   D:6 (

Annotations:
D:10 Snorg


Innate Abilities, Weirdness & Mutations

You cannot wear boots.
Your serpentine skin is tough (AC +4).
You have supernaturally acute eyesight.
Armour fits poorly on your strangely shaped body.
Your system is resistant to poisons.
You cover ground very slowly.
You have a slow metabolism.
You can exhale a cloud of poison.
You can use your snake-like lower body to constrict enemies.
You can translocate small distances at will.
You are frail (-10% HP).
You regenerate slowly when monsters are visible.
Your spells are a little easier to cast, but a little less powerful.


Message History

A fierce wind blows from the fan.
The hippogriffs and the rime drakes are blown away by the wind.
The winds coalesce and take form.
Drink which item? (? for menu, Esc to quit)
It was a potion of magic.
Magic courses through your body.
Your air elemental hits the hippogriff!
The rime drake bites you but does no damage.
The hippogriff completely misses you.
The hippogriff pecks you but does no damage.
The hippogriff claws you but does no damage.
Your air elemental hits the hippogriff.
The rime drake bites you but does no damage.
Drink which item? (? for menu, Esc to quit)
You feel agile all of a sudden. The ice encasing you melts away.
The rime drake barely misses you.
Your air elemental barely misses the hippogriff.
The rime drake breathes ice at you. The flash freeze hits you!
You partially resist.
You die...

.............##.......###........
......................P##P.#...⌠[
.........................P.......
...........................#.....
.....................<....†#.....
............................#+..#
...............................(.
...F.÷>........k.....#####.....#.
............P#.H@...## ###.#.#.#
..#.†##.......#kkH.## ##..(.....
.##..#.......#H....##.##..#......
#######....††E........##.........
###..†..........#...#.....÷
##.###...P.......(.....>÷
#.....#............#..÷.÷.
#.....#...................
#..H..#......#.....#(#.#.#


You could see 3 hippogriffs, 3 rime drakes and a friendly air elemental.

Vanquished Creatures
  Fannar (Lair:3)
  5 hydras
  Erolcha (D:8)
  A manticore (Lair:5)
  Maurice (D:8)
  11 spiny frogs
  A black mamba (Lair:5)
  4 komodo dragons
  4 rime drakes
  2 trolls
  8 blink frogs (Lair:5)
  A boulder beetle (Lair:4)
  Sigmund (D:2)
  A vampire (D:9)
  27 yaks
  2 fire bats (Lair:4)
  Eustachio (D:4)
  2 basilisks
  11 wyverns (Lair:5)
  5 hippogriffs
  Menkaure (D:4)
  Edmund (D:5)
  4 water moccasins
  8 porcupines
  2 black bears
  A slave (D:5)
  Purgy (Sewer)
  4 orc warriors
  3 phantoms
  9 ogres
  A necrophage (D:7)
  3 centaurs (D:8)
  5 wolves (Lair:2)
  10 crocodiles
  3 big kobolds
  16 giant frogs
  2 gnoll sergeants (D:9)
  5 jellies
  A scorpion (D:5)
  2 water moccasin skeletons
  11 killer bees
  An electric eel (Lair:5)
  4 crimson imps
  A giant frog zombie (D:9)
  A centaur zombie (D:7)
  2 orc priests
  6 hounds
  Crazy Yiuf (D:2)
  2 centaur skeletons
  6 orc wizards
  A giant frog skeleton (D:4)
  4 iguanas
  8 worker ants
  Natasha (D:3)
  A hound zombie (D:8)
  A hound skeleton (D:4)
  A worker ant zombie (D:5)
  Robin (D:2)
  8 gnolls
  14 adders
  30 river rats
  4 shadow imps
  An ooze (D:2)
  2 adder skeletons
  An adder zombie (D:8)
  4 worms
  A giant gecko (D:1)
  34 orcs
  6 giant cockroaches
  11 hobgoblins
  9 jackals
  4 quokkas
  3 ball pythons
  10 bats
  5 giant newts
  16 goblins
  6 kobolds
  8 rats
  A fungus (D:2)
403 creatures vanquished.

Vanquished Creatures (others)
  A jelly (D:9)
  An orc (D:9)
  A giant newt (D:5)
  12 fungi
  8 plants
23 creatures vanquished.

Grand Total: 426 creatures vanquished

Notes
Turn   | Place    | Note
--------------------------------------------------------------
     0 | D:1      | epen the Naga Gladiator began the quest for the Orb.
     0 | D:1      | Reached XP level 1. HP: 19/19 MP: 1/1
   155 | D:1      | Reached XP level 2. HP: 14/26 MP: 2/2
   353 | D:1      | Reached skill level 1 in Stealth
   596 | D:1      | Reached XP level 3. HP: 30/32 MP: 3/3
  1058 | D:2      | Found a blossoming altar of Fedhas.
  1061 | D:2      | Found a stormy altar of Qazlal.
  1066 | D:2      | Reached XP level 4. HP: 36/39 MP: 4/4
  1215 | D:2      | Noticed Robin
  1386 | D:2      | Killed Robin
  1665 | D:2      | Reached skill level 4 in Long Blades
  1730 | D:2      | Noticed Crazy Yiuf
  1738 | D:2      | Killed Crazy Yiuf
  1738 | D:2      | Reached XP level 5. HP: 40/45 MP: 5/5
  1922 | D:2      | Noticed Sigmund
  1935 | D:2      | Killed Sigmund
  1935 | D:2      | Reached XP level 6. HP: 26/52 MP: 6/6
  2273 | D:3      | Found a white marble altar of Elyvilon.
  2463 | D:3      | Noticed Natasha
  2468 | D:3      | Killed Natasha
  2468 | D:3      | Reached skill level 5 in Long Blades
  2652 | D:3      | Found a deep blue altar of Sif Muna.
  2772 | D:3      | Found an iron altar of Okawaru.
  2941 | D:3      | Found a glowing silver altar of Zin.
  3273 | D:4      | Noticed Eustachio
  3299 | D:4      | Killed Eustachio
  3299 | D:4      | Reached XP level 7. HP: 40/60 MP: 7/7
  3414 | D:4      | Noticed Menkaure
  3421 | D:4      | Killed Menkaure
  3421 | D:4      | Reached skill level 5 in Dodging
  3421 | D:4      | Reached skill level 5 in Stealth
  3634 | D:4      | Reached skill level 6 in Long Blades
  4085 | D:3      | Found a shadowy altar of Dithmenos.
  4085 | D:3      | Found an oddly glowing altar of Pakellas.
  4099 | D:3      | Became a worshipper of Warmaster Okawaru
  4109 | D:4      | Found Nuuchezxer's Jewellery Shop.
  4228 | D:4      | Reached XP level 8. HP: 12/67 MP: 8/8
  5493 | D:5      | Entered Level 5 of the Dungeon
  5529 | D:5      | Reached skill level 1 in Invocations
  5663 | D:5      | Found a glowing drain.
  5672 | Sewer    | Entered a sewer
  5708 | Sewer    | Noticed Purgy
  5724 | Sewer    | Killed Purgy
  5926 | D:5      | Noticed Edmund
  5938 | D:5      | Killed Edmund
  5938 | D:5      | Reached skill level 1 in Armour
  6084 | D:5      | Reached skill level 7 in Long Blades
  6149 | D:5      | Found a staircase to the Ecumenical Temple.
  6191 | D:5      | Found a shattered altar of Ashenzari.
  6200 | D:5      | Found a bloodstained altar of Trog.
  6410 | D:5      | Reached * piety under Okawaru
  6843 | D:6      | Reached XP level 9. HP: 65/74 MP: 11/11
  7616 | D:6      | Found a snail-covered altar of Cheibriados.
  7787 | D:6      | Found Bosm's Antique Weapon Shop.
  8416 | D:8      | Reached skill level 8 in Long Blades
  8747 | D:8      | Noticed Maurice
  8782 | D:8      | Killed Maurice
  8821 | D:8      | Reached skill level 5 in Invocations
  9087 | D:8      | Found a basalt altar of Yredelemnul.
  9311 | D:8      | Reached ** piety under Okawaru
  9451 | D:8      | Found a staircase to the Lair.
  9505 | D:8      | Noticed Erolcha
  9906 | Lair:1   | Entered Level 1 of the Lair of Beasts
  9918 | D:8      | Reached XP level 10. HP: 83/85 MP: 14/14
 10319 | D:8      | HP: 3/86 [Erolcha/giant spiked club (8)]
 11114 | Lair:1   | Noticed a spiny frog
 11227 | D:8      | Killed Erolcha
 11227 | D:8      | Reached skill level 9 in Long Blades
 12076 | D:9      | Reached *** piety under Okawaru
 12848 | D:9      | Reached skill level 5 in Fighting
 13337 | D:9      | Found a staircase to the Orcish Mines.
 13582 | D:8      | Reached XP level 11. HP: 24/96 MP: 14/16
 14323 | Lair:1   | Noticed a four-headed hydra
 14549 | Lair:2   | Reached **** piety under Okawaru
 14845 | Lair:2   | Reached skill level 10 in Long Blades
 14845 | Lair:2   | HP: 7/144 [yak (7)]
 15398 | Lair:2   | Identified a scroll of acquirement
 15951 | Lair:2   | Received a gift from Okawaru
 16451 | Lair:2   | Reached ***** piety under Okawaru
 17388 | D:9      | Reached skill level 5 in Armour
 17732 | D:9      | Found a radiant altar of Vehumet.
 17810 | D:9      | Found a burning altar of Makhleb.
 17811 | D:9      | Found a shimmering altar of Xom.
 18147 | D:10     | Entered Level 10 of the Dungeon
 18278 | D:10     | Noticed Snorg
 18464 | D:8      | Reached XP level 12. HP: 49/105 MP: 18/18
 18907 | Lair:1   | Killed an 11-headed hydra
 19572 | Lair:1   | Reached skill level 11 in Long Blades
 19802 | Lair:3   | Found a staircase to the Swamp.
 20047 | Lair:3   | Noticed a four-headed hydra
 20063 | Lair:3   | Killed a four-headed hydra
 20294 | Lair:3   | Noticed Fannar
 20333 | Lair:3   | Killed Fannar
 20612 | Lair:3   | Received a gift from Okawaru
 21723 | Lair:4   | Noticed a six-headed hydra
 22011 | Lair:4   | Noticed an eight-headed hydra
 22023 | Lair:4   | Killed a 14-headed hydra
 22023 | Lair:4   | Reached skill level 10 in Invocations
 22694 | Lair:4   | Killed a 15-headed hydra
 23244 | Lair:5   | Received a gift from Okawaru
 23247 | Lair:5   | Got an opalescent robe {god gift}
 23260 | Lair:5   | Identified the +2 robe of the Game Afoot {SInv} (Okawaru gifted it to you on level 5 of the Lair of Beasts)
 23660 | Lair:5   | Gained mutation: You can translocate small distances at will. [potion of mutation]
 23660 | Lair:5   | Gained mutation: You can exhale a cloud of poison. [potion of mutation]
 23660 | Lair:5   | Gained mutation: You are frail (-10% HP). [potion of mutation]
 23661 | Lair:5   | Gained mutation: You regenerate slowly when monsters are visible. [potion of mutation]
 23661 | Lair:5   | Gained mutation: Your spells are a little easier to cast, but a little less powerful. [potion of mutation]
 23865 | Lair:5   | Gained mutation: You can use your snake-like lower body to constrict enemies. [Naga growth]
 23865 | Lair:5   | Reached XP level 13. HP: 90/103 MP: 20/20
 24425 | Lair:5   | Reached skill level 12 in Long Blades
 25478 | Lair:5   | HP: 5/103 [rime drake (1)]
 25481 | Lair:5   | Killed from afar by a rime drake

Vault maps used:
D:1:      eino_arrival_water_cross, hangedman_feature_mirror, st_stairs_10
D:2:      grunt_temple_overflow_forces_of_nature, first_bread, uniq_sigmund,
          uniq_robin, uniq_crazy_yiuf_cottage
D:3:      old_standard_altar, nicolae_overflow_hidden_temple,
          grunt_ministairs_10, uniq_natasha
D:4:      serial_shops, nicolae_shop_behind_doors, grunt_decor_fettered,
          hangedman_abyss_or_decor_stabs, uniq_menkaure, uniq_eustachio
D:5:      grunt_temple_overflow_open, minmay_temple_entry_glassed_door,
          portal_sewer_entry_d, uniq_pikel, uniq_edmund
D:6:      serial_shops, kennysheep_mini_moat, cheibrodos_worm_habitat
D:7:      grunt_ogre_cave
D:8:      yredelemnul_altar_generic, lair_0_dummy, uniq_erolcha, uniq_maurice
D:9:      grunt_temple_overflow_champion_of_chaos, fiery_altar_vehumet,
          kennysheep_orc_monster_closet_entryway, st_stairs_2
D:10:     serial_bayou, serial_bayou_lagoon_a, serial_bayou_lake_a,
          serial_bayou_ford_a, serial_bayou_pond_a, uniq_joseph, uniq_snorg
Lair:2:   infiniplex_staircase_pool
Lair:3:   swamp_mist, uniq_fannar
Lair:4:   nicolae_volcano_entry_batcave, grunt_forest_large_clearings,
          infiniplex_staircase_pool_2
Lair:5:   special_room, st_stairs_4, grunt_megastairs_3, serial_bayou_shore_a
Sewer:    sewer_co_purgy_island

Skill      XL: |  1  2  3  4  5  6  7  8  9 10 11 12 13 |
---------------+----------------------------------------+-----
Stealth        | 1 2 3 4 5 |  5.5
Dodging        | 3 4 5 6 7 8 9 |  9.4
Long Blades    | 4 5 6 7 8 9 10 11 12 | 12.2
Invocations    | 3 5 7 9 10 11 | 11.2
Armour         | 1 2 3 5 7 |  7.4
Fighting       | 4 5 6 7 |  7.4
Throwing       | |  1.7

Action                   |  1- 3 |  4- 6 |  7- 9 | 10-12 | 13-15 || total
-------------------------+-------+-------+-------+-------+-------++-------
Melee: Long sword        |    80 |   249 |   221 |   661 |       ||  1211
       Scimitar          |       |       |   245 |   182 |       ||   427
       Punch             |       |       |     1 |     3 |       ||     4
       Great sword       |       |       |       |   219 |   123 ||   342
       Unarmed           |       |       |       |    20 |       ||    20
       Constrict         |       |       |       |       |    25 ||    25
Invok: Heroism           |       |       |     3 |    16 |     1 ||    20
       Finesse           |       |       |       |     3 |     1 ||     4
 Abil: Spit Poison       |     2 |    13 |    26 |    69 |       ||   110
       Evoke Berserk Rag |       |       |       |     2 |     1 ||     3
       Breathe Poison Ga |       |       |       |     1 |     2 ||     3
Evoke: Wand              |       |     3 |     8 |     5 |       ||    16
       Fan of gales      |       |       |       |     1 |     1 ||     2
  Use: Scroll            |       |     8 |     3 |    18 |     1 ||    30
       Potion            |       |     4 |     1 |    18 |     7 ||    30
 Stab: Sleeping          |       |     4 |     3 |       |       ||     7
       Distracted        |       |       |     1 |       |       ||     1
  Eat: Chunk             |       |     6 |    19 |    31 |     4 ||    60
       Meat ration       |       |       |       |     2 |       ||     2
       Beef jerky        |       |       |       |     1 |     1 ||     2
       Pizza             |       |       |       |     1 |       ||     1
Armor: Leather armour    |    11 |       |       |       |       ||    11
       Ring mail         |    22 |   148 |   172 |    68 |       ||   410
       Chain mail        |       |       |       |   780 |   108 ||   888
       Skin              |       |       |       |    59 |       ||    59
Dodge: Dodged            |    37 |   145 |   277 |   527 |    56 ||  1042
Block: Buckler           |       |       |       |    65 |       ||    65
       Other             |       |       |       |    11 |    10 ||    21
